Map: Orbital Shipyard

Players

IIIIIIIIIIII

  • Race: Protoss Protoss
  • League: Master

State - Winner!

  • Race: Protoss Protoss
  • League: Grandmaster

VOD

Have the link to the VOD?

Description

Time

  • Played on: Dec. 27, 2015, 8:05 p.m.
  • Length: 7:26
Show
View Real Time Build Order
Export as new Build Order

IIIIIIIIIIII Protoss 

Build Orders: Nexus First, Oracle Opening 

Get SALT Encoding   

  12  0:01  Probe (Chrono Boost)  
  13  0:11  Probe (Chrono Boost)  
  14  0:17  Pylon  
  14  0:22  Probe (Chrono Boost)  
  15  0:36  Probe (Chrono Boost)  
  16  0:46  Probe (Chrono Boost)  
  17  0:58  Nexus  
  18  1:04  Probe (Chrono Boost)  
  18  1:12  Gateway  
  18  1:14  Probe (Chrono Boost)  
  18  1:18  Assimilator  
  19  1:25  Probe (Chrono Boost)  
  20  1:27  Assimilator  
  20  1:35  Probe (Chrono Boost)  
  21  1:46  Probe (Chrono Boost)  
  22  1:50  Gateway  
  22  1:57  Probe (Chrono Boost)  
  22  1:59  Cybernetics Core  
  23  2:06  Pylon  
  23  2:10  Probe (Chrono Boost)  
  23  2:11  Probe (Chrono Boost)  
  25  2:20  Probe (Chrono Boost)  
  25  2:22  Probe (Chrono Boost)  
  27  2:34  Probe (Chrono Boost)  
  28  2:38  Adept x2 (Chrono Boost)  
  28  2:41  Probe  
  28  2:42  Warp Gate  
  33  2:45  Stargate  
  33  2:53  Mothership Core (Chrono Boost)  
  33  2:55  Probe (Chrono Boost)  
  36  3:07  Stalker (Chrono Boost)  
  36  3:08  Stalker (Chrono Boost)  
  41  3:14  Probe (Chrono Boost)  
  41  3:21  Probe (Chrono Boost)  
  40  3:30  Probe (Chrono Boost)  
  40  3:31  Probe (Chrono Boost)  
  43  3:41  Probe (Chrono Boost)  
  43  3:42  Oracle (Chrono Boost)  
  46  3:49  Probe (Chrono Boost)  
  46  3:50  Pylon  
  46  3:52  Probe (Chrono Boost), Pylon  
  46  3:53  Pylon  
  46  4:08  Probe x2  
  43  4:18  Phoenix (Chrono Boost)  
  43  4:20  Probe  
  43  4:21  Probe, Assimilator  
  43  4:22  Assimilator  
  46  4:32  Probe  
  46  4:33  Probe  
  46  4:37  Pylon  
  48  4:39  Phoenix (Chrono Boost)  
  48  4:44  Probe  
  51  4:46  Probe (Chrono Boost)  
  52  4:57  Probe (Chrono Boost)  
  52  4:58  Probe (Chrono Boost)  
  51  5:04  Phoenix  
  53  5:07  Probe (Chrono Boost)  
  53  5:09  Probe (Chrono Boost)  
  55  5:18  Probe (Chrono Boost)  
  55  5:20  Probe (Chrono Boost)  
  57  5:23  Nexus  
  57  5:24  Pylon  
  57  5:28  Probe (Chrono Boost), Pylon  
  57  5:31  Phoenix  
  57  5:33  Probe (Chrono Boost)  
  61  5:39  Probe (Chrono Boost)  
  62  5:44  Probe (Chrono Boost)  
  62  5:49  Probe (Chrono Boost)  
  64  5:51  Robotics Facility  
  64  5:53  Pylon  
  64  5:54  Probe (Chrono Boost)  
  64  5:55  Pylon  
  64  5:56  Phoenix  
  67  6:00  Probe (Chrono Boost)  
  68  6:05  Probe (Chrono Boost)  
  68  6:11  Probe (Chrono Boost), Forge  
  70  6:12  Twilight Council  
  70  6:15  Gateway, Probe (Chrono Boost), Assimilator  
  71  6:21  Probe (Chrono Boost)  
  71  6:22  Assimilator  
  72  6:26  Probe (Chrono Boost)  
  72  6:32  Probe (Chrono Boost)  
  74  6:34  Sentry x2  
  74  6:35  Probe x2 (Chrono Boost)  
  74  6:38  Immortal (Chrono Boost)  
  74  6:39  Phoenix  
  86  6:45  Gateway x2, Probe  
  86  6:46  Probe  
  88  6:51  Pylon  
  88  6:53  Pylon  
  88  6:56  Probe x2  
  88  6:58  Probe  
  89  7:11  Stalker x2  
Show
View Real Time Build Order
Export as new Build Order

State Protoss - Winner!

Build Orders: 1 Gate Expand, Oracle Opening 

Get SALT Encoding   

  12  0:01  Probe (Chrono Boost)  
  13  0:12  Probe (Chrono Boost)  
  14  0:17  Pylon  
  14  0:22  Probe (Chrono Boost)  
  16  0:35  Probe (Chrono Boost)  
  16  0:36  Gateway  
  16  0:45  Assimilator  
  16  0:47  Probe (Chrono Boost)  
  17  0:57  Probe (Chrono Boost)  
  18  1:08  Probe (Chrono Boost)  
  19  1:18  Nexus  
  19  1:22  Probe (Chrono Boost)  
  20  1:32  Cybernetics Core  
  20  1:34  Probe (Chrono Boost)  
  20  1:39  Assimilator  
  21  1:45  Probe (Chrono Boost)  
  22  1:50  Pylon  
  22  1:55  Probe (Chrono Boost)  
  23  2:09  Mothership Core (Chrono Boost), Adept  
  27  2:17  Pylon  
  27  2:28  Probe (Chrono Boost)  
  28  2:31  Probe (Chrono Boost)  
  28  2:36  Stargate  
  29  2:38  Probe (Chrono Boost)  
  29  2:42  Probe (Chrono Boost)  
  31  2:47  Warp Gate  
  31  2:49  Probe (Chrono Boost)  
  32  2:52  Probe (Chrono Boost)  
  33  2:59  Probe (Chrono Boost)  
  33  3:00  Pylon  
  33  3:03  Probe (Chrono Boost)  
  34  3:10  Probe (Chrono Boost), Adept  
  37  3:13  Probe (Chrono Boost)  
  38  3:21  Probe (Chrono Boost)  
  38  3:23  Probe (Chrono Boost)  
  40  3:28  Oracle (Chrono Boost)  
  40  3:31  Probe  
  40  3:33  Probe  
  44  3:38  Pylon  
  44  3:40  Pylon  
  47  3:44  Probe  
  48  3:48  Probe  
  48  3:54  Assimilator  
  48  3:55  Twilight Council  
  47  3:57  Probe  
  47  3:59  Probe, Assimilator  
  47  4:03  Phoenix (Chrono Boost)  
  47  4:09  Probe x2  
  51  4:21  Probe  
  51  4:22  Nexus  
  52  4:25  Pylon  
  52  4:28  Probe, Pylon  
  52  4:29  Phoenix (Chrono Boost)  
  52  4:30  Pylon  
  55  4:36  Blink (Chrono Boost)  
  55  4:40  Probe x2, Pylon  
  57  4:50  Probe  
  57  4:52  Probe  
  58  5:03  Gateway  
  58  5:04  Gateway  
  58  5:06  Gateway  
  58  5:07  Probe x2  
  60  5:17  Probe  
  60  5:19  Probe  
  62  5:22  Robotics Facility  
  62  5:28  Probe  
  62  5:31  Probe  
  64  5:37  Probe, Gateway  
  64  5:38  Probe  
  64  5:39  Gateway  
  66  5:43  Stalker, Probe  
  66  5:48  Probe  
  66  5:49  Probe  
  74  5:57  Probe  
  72  6:04  Stalker x2  
  72  6:05  Stalker  
  72  6:09  Gateway  
  72  6:10  Gateway  
  78  6:12  Gateway  
  78  6:13  Warp Prism (Chrono Boost)  
  78  6:15  Probe  
  78  6:16  Probe  
  82  6:18  Stalker  
  84  6:29  Forge  
  84  6:32  Templar Archives  
  84  6:35  Stalker x3  
  90  6:41  Probe, Pylon  
  90  6:42  Probe, Pylon  
  90  6:45  Observer (Chrono Boost), Assimilator x2  
  93  6:48  Pylon  
  93  6:49  Pylon  
  93  6:53  Probe  
  93  6:55  Probe  
  93  6:57  Probe  
  96  7:07  Probe  
  97  7:09  Stalker x5  
  97  7:10  Stalker x2  
Tags
 
Add a new tag
Caveats
  • Supply blocks, unpowered buildings, or Contaminate may cause inaccurate times.
  • Supply counts are checked every 10 seconds.